[Event "32. Potsdamer Weihnachtsturnier"]
[Site "Potsdam"]
[Date "2007.12.28"]
[Round "4.31"]
[White "Steinkrauß, Thilo"]
[Black "Nekrassova, Ekaterina"]
[Result "0-1"]
[ECO "B13"]
[WhiteElo "1280"]
[BlackElo "1791"]
[TimeControl "40/7200:20/3600:1800"]
[PlyCount "102"]

1. e4 c6 2. d4 d5 3. exd5 cxd5 4. Nf3 Nc6 5. Bf4 g6 6. Nbd2 Bg7 7. c3 Nh6
8. Bd3 O-O 9. O-O f6 10. Re1 Nf7 11. Bb5 Re8 12. Nb3 e5 13. Bg3 a6 14. Bxc6
bxc6 15. Nc5 e4 16. Nd2 Bh6 17. Ndb3 f5 18. h3 f4 19. Bh2 Qg5 20. Kh1 Nd6
21. f3 e3 22. Nd3 Qf6 23. Ne5 Nb7 24. Ng4 Bxg4 25. hxg4 g5 26. Qd3 Bf8 27. Re2
a5 28. a4 Qf7 29. Rae1 Nd6 30. Nc5 Reb8 31. b3 Rb6 32. Rb1 Nb7 33. Nxb7 Rxb7
34. Qf5 Qxf5 35. gxf5 Rab8 36. g3 Bd6 37. gxf4 gxf4 38. Rg2+ Kf7 39. Rgb2 Kf6
40. b4 axb4 41. cxb4 Rxb4 42. Rxb4 Rxb4 43. Rxb4 Bxb4 44. Bxf4 e2 45. Bg3 e1=Q+
46. Bxe1 Bxe1 47. Kg2 Kxf5 48. Kf1 Bc3 49. Ke2 Bxd4 50. a5 Ba7 51. Kd3 h5 0-1

[Event "32. Potsdamer Weihnachtsturnier"]
[Site "Potsdam"]
[Date "2007.12.28"]
[Round "4.32"]
[White "Grigoleit, Eckhard"]
[Black "Schulz, Alfred"]
[Result "0-1"]
[ECO "B30"]
[WhiteElo "1757"]
[BlackElo "1516"]
[TimeControl "40/7200:20/3600:1800"]
[PlyCount "120"]

1. e4 c5 2. Nc3 Nc6 3. Nf3 d6 4. Bc4 e6 5. d3 a6 6. a3 Nf6 7. O-O Be7 8. Be3
O-O 9. Ba2 d5 10. exd5 exd5 11. Ne2 Bg4 12. Nd2 Re8 13. f3 Bh5 14. Bf2 Bd6
15. Ng3 Bg6 16. Nb3 b6 17. Qd2 Ra7 18. Nc1 Rae7 19. Nce2 Qc7 20. Nc3 Bf4
21. Qd1 Rd7 22. Nce2 Be5 23. Rb1 c4 24. f4 Bxf4 25. Nxf4 Qxf4 26. Bxb6 Qb8
27. Bf2 Ne5 28. Re1 cxd3 29. Bb3 Rc8 30. Rc1 Nc4 31. cxd3 Nxb2 32. Rxc8+ Qxc8
33. Qd2 Nxd3 34. Rd1 Nxf2 35. Qxf2 Qc3 36. Qb6 h6 37. Ba4 Rc7 38. Qxa6 Bc2
39. Rf1 Bd3 40. Qa8+ Rc8 41. Qb7 Bxf1 42. Nxf1 Qd4+ 43. Kh1 Rc1 44. Bb5 Qa1
45. h3 Rc2 46. Qa8+ Kh7 47. Bd3+ Ne4 48. Bxc2 Qxf1+ 49. Kh2 Qf4+ 50. Kh1 Qc1+
51. Kh2 Qxc2 52. Qxd5 Qc7+ 53. Kh1 Qf4 54. Qd3 f5 55. Kg1 Qf2+ 56. Kh2 Qf4+
57. Kg1 h5 58. a4 h4 59. a5 Qc1+ 60. Qf1 Qc5+ 0-1

[Event "32. Potsdamer Weihnachtsturnier"]
[Site "Potsdam"]
[Date "2007.12.28"]
[Round "4.33"]
[White "Hadlich, Roland"]
[Black "Pugliese, Roland"]
[Result "0-1"]
[ECO "D45"]
[WhiteElo "1533"]
[BlackElo "1447"]
[TimeControl "40/7200:20/3600:1800"]
[PlyCount "48"]

1. Nf3 d5 2. d4 Nf6 3. e3 e6 4. c4 c6 5. Nc3 Bd6 6. c5 Be7 7. b4 b6 8. Ne5 Qc7
9. h3 Nbd7 10. Nxd7 Bxd7 11. f4 a5 12. cxb6 Qxb6 13. bxa5 Qxa5 14. Bd2 Bb4
15. Qc2 c5 16. dxc5 Qxc5 17. Bd3 Rc8 18. Rc1 d4 19. exd4 Qxd4 20. Rf1 Nd5
21. Ba6 Rxc3 22. Qd1 Rxc1 23. Qxc1 Qe3+ 24. Kd1 Ba4+ 0-1

[Event "32. Potsdamer Weihnachtsturnier"]
[Site "Potsdam"]
[Date "2007.12.28"]
[Round "4.34"]
[White "Lange, Werner"]
[Black "Roitzsch, Hans-Werner"]
[Result "1-0"]
[ECO "B29"]
[WhiteElo "1758"]
[BlackElo "1600"]
[TimeControl "40/7200:20/3600:1800"]
[PlyCount "81"]

1. e4 c5 2. Nf3 Nf6 3. e5 Nd5 4. Nc3 Nxc3 5. bxc3 d5 6. d4 Nc6 7. Be2 Bf5
8. Nh4 Bg6 9. e6 fxe6 10. Nxg6 hxg6 11. Bd3 e5 12. Bxg6+ Kd7 13. dxe5 e6
14. Bf4 c4 15. Qg4 Bc5 16. Rd1 Qh4 17. Qf3 Qxf2+ 18. Qxf2 Bxf2+ 19. Kxf2 Raf8
20. Ke3 Ne7 21. Be4 Rxf4 22. Kxf4 Rh4+ 23. g4 Rh3 24. Kg5 Kc7 25. Bg6 Rxc3
26. h4 Ra3 27. Bh7 Rxa2 28. Ra1 Rb2 29. Rhf1 a6 30. Rf7 Kd8 31. Rxg7 Nc6
32. Rf1 Ne7 33. Rf8+ Kd7 34. Rff7 Kc6 35. Rxe7 Kc5 36. Rxb7 Ra2 37. c3 d4
38. Rgc7+ Kd5 39. Rd7+ Kc5 40. cxd4+ Kc6 41. Be4# 1-0

[Event "32. Potsdamer Weihnachtsturnier"]
[Site "Potsdam"]
[Date "2007.12.28"]
[Round "4.35"]
[White "Bielick, Jacob"]
[Black "Hoffmann, Axel"]
[Result "1-0"]
[ECO "B01"]
[WhiteElo "1688"]
[BlackElo "1379"]
[TimeControl "40/7200:20/3600:1800"]
[PlyCount "42"]

1. e4 d5 2. exd5 Qxd5 3. Nc3 Qd6 4. d4 Nf6 5. Nf3 a6 6. Be2 Nc6 7. O-O Bf5
8. d5 Nb4 9. Nd4 Bg6 10. f4 Nbxd5 11. f5 Nxc3 12. bxc3 e5 13. fxg6 exd4
14. gxf7+ Kxf7 15. Bc4+ Ke8 16. cxd4 c5 17. Re1+ Kd8 18. Qf3 Qxd4+ 19. Be3 Qe4
20. Rad1+ Kc8 21. Qh3+ Qg4 1-0

[Event "32. Potsdamer Weihnachtsturnier"]
[Site "Potsdam"]
[Date "2007.12.28"]
[Round "4.6"]
[White "Allgaier, Erik"]
[Black "Lenhardt, Manfred"]
[Result "0-1"]
[ECO "D05"]
[WhiteElo "2060"]
[BlackElo "2155"]
[TimeControl "40/7200:20/3600:1800"]
[PlyCount "104"]

1. Nf3 d5 2. d4 Nf6 3. e3 e6 4. Bd3 Be7 5. Nbd2 Nbd7 6. O-O c5 7. c3 Qc7
8. Qe2 O-O 9. e4 dxe4 10. Nxe4 b6 11. Nxf6+ Nxf6 12. dxc5 Qxc5 13. Be3 Qc7
14. Bd4 Bb7 15. Bxf6 Bxf6 16. Be4 Bxe4 17. Qxe4 Rad8 18. Rad1 Rd7 19. Qa4 Rfd8
20. Rxd7 Rxd7 21. Rd1 b5 22. Rxd7 Qxd7 23. Qc2 Qc6 24. Qd2 Qe4 25. Qd1 g6
26. h3 h5 27. a3 Kg7 28. Qe1 Qd5 29. Qd2 Qc4 30. Qd7 a5 31. Qd2 Qe4 32. Qe1 Qc4
33. Qd2 Qe4 34. Kh2 g5 35. Nxg5 Qe5+ 36. f4 Bxg5 37. g3 h4 38. fxg5 Qxg3+
39. Kh1 Qxh3+ 40. Kg1 Qg4+ 41. Kh2 a4 42. Qe3 Qg3+ 43. Qxg3 hxg3+ 44. Kxg3 Kg6
45. Kf4 Kh5 46. Ke3 Kxg5 47. b4 axb3 48. Kd2 f5 49. c4 f4 50. cxb5 b2 51. Kc2
b1=Q+ 52. Kxb1 f3 0-1